Monarchs vs Little Stars
Created - March 6, 2019 at 22:46
Goals
|
Monarchs |
1 |
1 |
1 |
3 |
Little Stars |
0 |
0 |
1 |
1 |
|
Shots
|
Monarchs |
19 |
5 |
5 |
29 |
Little Stars |
15 |
7 |
13 |
35 |
|
1st period
1. Monarchs , Eric Fehr 21 (Daultan Leveillé 35) at 19:07
Penalties :
Adam Tambellini (Tex) for Holding (Minor) at 8:18
2nd period
2. Monarchs , Ryan White 7 (Nathan Paetsch 12) at 18:02
Penalties :
Reece Willcox (Tex) for Hooking (Minor) at 8:49, Zac Leslie (MAN) for Roughing (Minor) at 12:17
3rd period
3. Little Stars , Cam Atkinson 46 (Andrej Sustr 20, Curtis Glencross 16) at 14:31
4. Monarchs , Daultan Leveillé 27 (Chris Thorburn 20) at 19:10 (Empty Net)
Penalties :
Josh Manson (MAN) for Hooking (Minor) at 5:29, Jordie Benn (Tex) for Roughing (Minor) at 19:16
Goalie Stats
Ilya Bryzgalov (MAN), 34 saves from 35 shots - (0.971), W, 2-1-0, 60:00 minutes
Peter Delmas (Tex), 26 saves from 28 shots - (0.929), L, 10-11-2, 59:35 minutes
Players Stats for Monarchs
Player Name G A P +/- PIM S H SB GA TA FO MP PP MP PK MP
------------------------------------------------------------------------------------
Chris Thorburn 0 1 1 1 0 1 3 0 1 1 0/1 10:00 0:00 0:59
Connor Brown 0 0 0 -1 0 1 2 0 0 0 1/2 17:17 2:19 0:00
Damon Severson 0 0 0 2 0 0 3 2 2 0 0/0 18:55 2:57 1:47
Daultan Leveillé 1 1 2 2 0 5 2 1 1 0 12/25 17:36 0:10 2:36
Eric Fehr 1 0 1 1 0 6 2 0 1 1 1/1 16:18 1:44 0:00
Evgeny Kuznetsov 0 0 0 -1 0 1 3 2 0 0 4/15 18:00 2:19 0:23
Frederik Gauthier 0 0 0 1 0 0 0 0 0 1 1/4 12:06 0:25 2:36
Joe Morrow 0 0 0 0 0 1 0 0 0 0 0/0 8:13 0:00 0:00
Jonathan Drouin 0 0 0 1 0 1 0 1 1 0 1/3 16:45 2:12 0:00
Jonathan Huberdeau 0 0 0 1 0 1 2 0 1 0 0/0 15:37 2:12 0:23
Josh Manson 0 0 0 -1 2 0 1 2 0 0 0/0 17:04 0:00 0:51
JT Compher 0 0 0 1 0 0 0 0 0 0 1/1 14:15 2:12 0:00
Max Domi 0 0 0 -1 0 1 1 0 0 1 0/1 16:59 2:14 0:00
Mike Hoffman 0 0 0 0 0 0 0 0 0 0 0/0 0:00 0:00 0:00
Mike Reilly 0 0 0 0 0 2 1 1 0 0 0/0 12:32 0:00 0:00
Nathan Paetsch 0 1 1 3 0 2 2 1 1 0 0/0 18:34 1:44 2:07
Nicklas Jensen 0 0 0 0 0 0 2 0 0 0 0/0 8:37 0:00 0:00
Robert Hagg 0 0 0 1 0 0 1 0 0 0 0/0 15:42 0:00 2:07
Ryan White 1 0 1 1 0 5 2 0 0 0 0/5 13:10 0:00 0:59
Will Butcher 0 0 0 -1 0 2 0 3 0 0 0/0 19:00 2:57 0:04
Zac Leslie 0 0 0 0 2 0 0 0 0 1 0/0 9:20 0:00 1:00
Players Stats for Little Stars
Player Name G A P +/- PIM S H SB GA TA FO MP PP MP PK MP
------------------------------------------------------------------------------------
Adam Tambellini 0 0 0 0 2 3 0 0 0 0 0/0 9:00 0:00 0:00
Alexander Vasyunov 0 0 0 0 0 0 0 0 0 1 1/1 12:33 0:00 1:14
Andrej Sustr 0 1 1 0 0 1 3 0 0 0 0/0 27:17 2:34 2:29
Bo Horvat 0 0 0 0 0 1 0 0 1 0 1/2 9:01 0:00 0:00
Brian Flynn 0 0 0 -1 0 6 2 0 0 0 21/31 20:36 2:21 1:06
Cam Atkinson 1 0 1 -1 0 2 5 0 1 3 2/4 22:09 2:21 2:37
Curtis Glencross 0 1 1 0 0 4 3 0 0 0 0/0 21:18 2:21 1:54
Dana Tyrell 0 0 0 -1 0 0 2 0 2 0 7/10 15:37 1:37 0:10
Jesse Joensuu 0 0 0 -1 0 3 3 1 1 0 0/1 15:25 1:37 0:00
Jordie Benn 0 0 0 -2 2 1 1 1 0 1 0/0 19:35 1:24 2:02
Mathieu Perreault 0 0 0 -1 0 1 0 0 0 0 4/8 11:25 0:00 0:00
Reece Willcox 0 0 0 0 2 0 0 0 0 1 0/0 13:21 0:00 0:10
Scott Kosmachuck 0 0 0 0 0 2 0 1 0 0 0/0 8:37 0:00 0:00
Stanislav Chistov 0 0 0 -1 0 7 2 1 0 0 1/1 18:05 1:37 2:21
Tucker Poolman 0 0 0 0 0 1 0 0 0 1 0/0 12:57 0:00 0:00
Tyler Wotherspoon 0 0 0 -2 0 1 0 2 0 1 0/0 19:46 1:24 2:12
Tyson Barrie 0 0 0 0 0 2 0 0 0 0 0/0 27:17 2:34 2:29
Zach Budish 0 0 0 0 0 0 1 1 0 0 0/0 11:17 0:00 0:00
3 Stars
1 - Ilya Bryzgalov (MAN)
2 - Daultan Leveillé (MAN)
3 - Nathan Paetsch (MAN)
Power Play
Monarchs - 0 on 3 Attempt(s) - 0.00%
Little Stars - 0 on 2 Attempt(s) - 0.00%
Penalty Kill
Monarchs - 2 on 2 Attempt(s) - 100.00%
- Score 0 goal in Penalty Kill
Little Stars - 3 on 3 Attempt(s) - 100.00%
- Score 0 goal in Penalty Kill
Team Stat
Monarchs - Hits : 27 - Faceoff Wins : 21 - Blocked Shots : 13 - Penalty Minutes : 4
Little Stars - Hits : 22 - Faceoff Wins : 37 - Blocked Shots : 7 - Penalty Minutes : 6
Official
Referees : Unknown
Linesman : Unknown
Game Notes
11:13 of 2nd period - Little Stars goal is going for a video replay. After video review, No Goal. The puck has been kicked using a distinct kicking motion.
14:31 of 3rd period - Little Stars goal is going for a video replay. After video review, Goal.
Daultan Leveillé has scored in a empty net!
Finance
Level 1 -- Attendance: 1391 (69.55%) -- Ticket Income $48,685
Level 2 -- Attendance: 661 (66.10%) -- Ticket Income $13,220
Total Attendance: 2052 (68.40%)
Total Ticket Income: $61,905
Other Income: $3,095
Total Income: $65,000
Monarchs
5 vs 5 Forward
Center Left Wing Right Wing Time % Phy DF OF
1 Evgeny Kuznetsov Max Domi Connor Brown 30 0 2 3
2 Daultan Leveillé Jonathan Drouin Eric Fehr 30 1 2 2
3 Ryan White JT Compher Jonathan Huberdeau 25 1 2 2
4 Frederik Gauthier Chris Thorburn Nicklas Jensen 15 1 3 1
5 vs 5 Defense
Defense Defense Time % Phy DF OF
1 Nathan Paetsch Damon Severson 30 1 3 1
2 Will Butcher Josh Manson 30 2 1 2
3 Robert Hagg Mike Reilly 25 1 3 1
4 Joe Morrow Zac Leslie 15 1 3 1
PowerPlay Forward
Center Left Wing Right Wing Time % Phy DF OF
1 Evgeny Kuznetsov Max Domi Connor Brown 60 0 1 4
2 Jonathan Drouin Jonathan Huberdeau JT Compher 40 0 1 4
PowerPlay Defense
Defense Defense Time % Phy DF OF
1 Damon Severson Will Butcher 60 0 2 3
2 Nathan Paetsch Eric Fehr 40 0 2 3
Penalty Kill 4 Players Forward
Center Wing Time % Phy DF OF
1 Daultan Leveillé Frederik Gauthier 60 1 3 1
2 Ryan White Chris Thorburn 40 1 3 1
Penalty Kill 4 Players Defense
Defense Defense Time % Phy DF OF
1 Robert Hagg Nathan Paetsch 60 1 4 0
2 Zac Leslie Josh Manson 40 1 4 0
Penalty Kill - 3 Players Forward
Forward Time % Phy DF OF
1 Daultan Leveillé 60 1 4 0
2 Eric Fehr 40 1 4 0
Penalty Kill - 3 Players Defense
Defense Defense Time % Phy DF OF
1 Nathan Paetsch Robert Hagg 60 0 5 0
2 Zac Leslie Josh Manson 40 0 5 0
4 vs 4 Forward
Center Wing Time % Phy DF OF
1 Max Domi Eric Fehr 60 1 2 2
2 Connor Brown Evgeny Kuznetsov 40 1 2 2
4 vs 4 Defense
Defense Defense Time % Phy DF OF
1 Nathan Paetsch Will Butcher 60 1 2 2
2 Robert Hagg Damon Severson 40 1 2 2
Last Minutes Offensive
Center Left Wing Right Wing Defense Defense
Evgeny Kuznetsov Max Domi Connor Brown Will Butcher Damon Severson
Last Minutes Defensive
Center Left Wing Right Wing Defense Defense
Frederik Gauthier Daultan Leveillé Chris Thorburn Robert Hagg Nathan Paetsch
Goaltenders
Starting : Ilya Bryzgalov
Backup : Malcolm Subban
Extra Forwards
Normal : Connor Brown, Jonathan Huberdeau, Frederik Gauthier - PP : Frederik Gauthier, Daultan Leveillé - PK : Evgeny Kuznetsov
Extra Defensemen
Normal : Will Butcher, Damon Severson, Robert Hagg - PP : Mike Reilly - PK : Damon Severson, Will Butcher
Penalty Shots
Evgeny Kuznetsov, JT Compher, Eric Fehr, Mike Hoffman, Ryan White
Scratches
Joel Armia (Back Spasms Injury), Colin Smith (Healthy), Connor Clifton (Healthy), Anthony Peluso (Healthy), Zach Redmond (Healthy)
Antti Raanta (Healthy), Tyler Beskorowany (Healthy)
Little Stars
5 vs 5 Forward
Center Left Wing Right Wing Time % Phy DF OF
1 Brian Flynn Curtis Glencross Cam Atkinson 40 1 2 2
2 Dana Tyrell Jesse Joensuu Stanislav Chistov 30 1 2 2
3 Mathieu Perreault Alexander Vasyunov Zach Budish 20 1 2 2
4 Bo Horvat Adam Tambellini Scott Kosmachuck 10 1 2 2
5 vs 5 Defense
Defense Defense Time % Phy DF OF
1 Tyson Barrie Andrej Sustr 40 1 2 2
2 Jordie Benn Tyler Wotherspoon 30 1 2 2
3 Tucker Poolman Reece Willcox 20 1 2 2
4 Tyson Barrie Andrej Sustr 10 1 2 2
PowerPlay Forward
Center Left Wing Right Wing Time % Phy DF OF
1 Brian Flynn Curtis Glencross Cam Atkinson 60 1 2 2
2 Dana Tyrell Jesse Joensuu Stanislav Chistov 40 1 2 2
PowerPlay Defense
Defense Defense Time % Phy DF OF
1 Tyson Barrie Andrej Sustr 60 1 2 2
2 Jordie Benn Tyler Wotherspoon 40 1 2 2
Penalty Kill 4 Players Forward
Center Wing Time % Phy DF OF
1 Cam Atkinson Stanislav Chistov 60 1 2 2
2 Brian Flynn Curtis Glencross 40 1 2 2
Penalty Kill 4 Players Defense
Defense Defense Time % Phy DF OF
1 Tyson Barrie Andrej Sustr 60 1 2 2
2 Jordie Benn Tyler Wotherspoon 40 1 2 2
Penalty Kill - 3 Players Forward
Forward Time % Phy DF OF
1 Cam Atkinson 60 1 2 2
2 Stanislav Chistov 40 1 2 2
Penalty Kill - 3 Players Defense
Defense Defense Time % Phy DF OF
1 Tyson Barrie Andrej Sustr 60 1 2 2
2 Jordie Benn Tyler Wotherspoon 40 1 2 2
4 vs 4 Forward
Center Wing Time % Phy DF OF
1 Cam Atkinson Stanislav Chistov 60 1 2 2
2 Brian Flynn Curtis Glencross 40 1 2 2
4 vs 4 Defense
Defense Defense Time % Phy DF OF
1 Tyson Barrie Andrej Sustr 60 1 2 2
2 Jordie Benn Tyler Wotherspoon 40 1 2 2
Last Minutes Offensive
Center Left Wing Right Wing Defense Defense
Brian Flynn Curtis Glencross Cam Atkinson Tyson Barrie Andrej Sustr
Last Minutes Defensive
Center Left Wing Right Wing Defense Defense
Brian Flynn Curtis Glencross Cam Atkinson Tyson Barrie Andrej Sustr
Goaltenders
Starting : Peter Delmas
Backup : Matt Murray
Extra Forwards
Normal : Mathieu Perreault, Bo Horvat, Alexander Vasyunov - PP : Mathieu Perreault, Bo Horvat - PK : Alexander Vasyunov
Extra Defensemen
Normal : Tucker Poolman, Reece Willcox, Jordie Benn - PP : Tucker Poolman - PK : Reece Willcox, Jordie Benn
Penalty Shots
Cam Atkinson, Stanislav Chistov, Brian Flynn, Curtis Glencross, Dana Tyrell
Scratches
Daniel O'regan (Healthy), Michael Mersch (Healthy), Justin Auger (Healthy), Ville Pokka (Healthy), Jason Dickinson (Healthy)
Emile Poirier (Healthy), Phil Oreskovic (Strained Groin Injury), Anton Cederholm (Lower Body Injury), Shawn Matthias (Broken Bone (Left Arm) Injury), Spencer Martin (Healthy)
% Time on Ice - Monarchs
Lines # - Real PCT - Wanted PCT - Time Play
Normal Forward
1 - 31% - 30% - 15:44
2 - 29% - 30% - 14:41
3 - 24% - 25% - 12:03
4 - 17% - 15% - 8:37
Normal Defense
1 - 29% - 30% - 14:51
2 - 30% - 30% - 15:29
3 - 25% - 25% - 12:32
4 - 16% - 15% - 8:13
PP Forward
1 - 53% - 60% - 2:29
2 - 47% - 40% - 2:12
PP Defense
1 - 63% - 60% - 2:57
2 - 37% - 40% - 1:44
PK Forward
1 - 75% - 60% - 2:59
2 - 25% - 40% - 0:59
PK Defense
1 - 53% - 60% - 2:07
2 - 47% - 40% - 1:51
PK3 Forward
1 - 0% - 60%
2 - 0% - 40%
PK3 Defense
1 - 0% - 60%
2 - 0% - 40%
44 Forward
1 - 0% - 60%
2 - 0% - 40%
44 Defense
1 - 0% - 60%
2 - 0% - 40%
Last Minute Offensive - 0:00
Last Minute Defensive - 0:16
Total
Forward - 60:00
Defense - 60:00
|
% Time on Ice - Little Stars
Lines # - Real PCT - Wanted PCT - Time Play
Normal Forward
1 - 33% - 40% - 16:56
2 - 30% - 30% - 15:18
3 - 21% - 20% - 10:31
4 - 16% - 10% - 8:21
Normal Defense
1 - 39% - 40% - 19:47
2 - 32% - 30% - 16:10
3 - 25% - 20% - 12:57
4 - 4% - 10% - 2:12
PP Forward
1 - 59% - 60% - 2:21
2 - 41% - 40% - 1:37
PP Defense
1 - 65% - 60% - 2:34
2 - 35% - 40% - 1:24
PK Forward
1 - 77% - 60% - 3:35
2 - 23% - 40% - 1:06
PK Defense
1 - 53% - 60% - 2:29
2 - 47% - 40% - 2:12
PK3 Forward
1 - 0% - 60%
2 - 0% - 40%
PK3 Defense
1 - 0% - 60%
2 - 0% - 40%
44 Forward
1 - 0% - 60%
2 - 0% - 40%
44 Defense
1 - 0% - 60%
2 - 0% - 40%
Last Minute Offensive - 0:15
Last Minute Defensive - 0:00
Total
Forward - 60:00
Defense - 60:00
|
Play-by-Play
1st period
0:01 of 1st period - Brian Flynn wins face-off versus Evgeny Kuznetsov in neutral zone.
0:10 of 1st period - Snap shot by Curtis Glencross.
0:10 of 1st period - Shot Misses the Net.
0:12 of 1st period - Slapshot by Andrej Sustr.
0:12 of 1st period - Shot Misses the Net.
0:26 of 1st period - Stanislav Chistov is hit by Nathan Paetsch and loses puck.
0:48 of 1st period - Wrist shot by Stanislav Chistov.
0:48 of 1st period - Stopped by Ilya Bryzgalov with a rebound.
0:50 of 1st period - Slapshot by Jordie Benn.
0:50 of 1st period - Shot Blocked by Will Butcher.
1:14 of 1st period - Snap shot by Ryan White.
1:14 of 1st period - Shot Misses the Net.
1:54 of 1st period - Slapshot by Ryan White.
1:54 of 1st period - Stopped by Peter Delmas with a rebound.
1:56 of 1st period - Wrist shot by JT Compher.
1:56 of 1st period - Shot Misses the Net.
1:58 of 1st period - Slapshot by Will Butcher.
1:58 of 1st period - Stopped by Peter Delmas with a rebound.
2:10 of 1st period - Wrist shot by Jonathan Huberdeau.
2:10 of 1st period - Stopped by Peter Delmas with a rebound.
2:12 of 1st period - Slapshot by Will Butcher.
2:12 of 1st period - Shot Misses the Net.
2:14 of 1st period - Snap shot by Will Butcher.
2:14 of 1st period - Stopped by Peter Delmas without a rebound.
2:15 of 1st period - Daultan Leveillé wins face-off versus Brian Flynn in Little Stars zone.
2:22 of 1st period - Wrist shot by Eric Fehr.
2:22 of 1st period - Stopped by Peter Delmas with a rebound.
2:40 of 1st period - Max Domi is hit by Jesse Joensuu and loses puck.
2:58 of 1st period - Icing by Jordie Benn.
2:59 of 1st period - Mathieu Perreault wins face-off versus Frederik Gauthier in Little Stars zone.
2:59 of 1st period - Mathieu Perreault is hit by Chris Thorburn.
4:16 of 1st period - Slapshot by Adam Tambellini.
4:16 of 1st period - Stopped by Ilya Bryzgalov with a rebound.
4:53 of 1st period - Slapshot by Evgeny Kuznetsov.
4:53 of 1st period - Stopped by Peter Delmas without a rebound.
4:54 of 1st period - Dana Tyrell wins face-off versus Evgeny Kuznetsov in Little Stars zone.
4:59 of 1st period - Mike Reilly is hit by Dana Tyrell and loses puck.
5:06 of 1st period - Snap shot by Max Domi.
5:06 of 1st period - Stopped by Peter Delmas without a rebound.
5:07 of 1st period - Daultan Leveillé wins face-off versus Brian Flynn in Little Stars zone.
5:08 of 1st period - Snap shot by Eric Fehr.
5:08 of 1st period - Deflect By Daultan Leveillé.
5:08 of 1st period - Shot Misses the Net.
5:08 of 1st period - Puck is out of play.
5:09 of 1st period - Daultan Leveillé wins face-off versus Brian Flynn in Little Stars zone.
5:10 of 1st period - Wrist shot by Eric Fehr.
5:10 of 1st period - Deflect By Daultan Leveillé.
5:10 of 1st period - Stopped by Peter Delmas with a rebound.
5:12 of 1st period - Snap shot by Eric Fehr.
5:12 of 1st period - Stopped by Peter Delmas without a rebound.
5:13 of 1st period - Daultan Leveillé wins face-off versus Brian Flynn in Little Stars zone.
5:44 of 1st period - Tyson Barrie is hit by Nicklas Jensen and loses puck.
6:01 of 1st period - Slapshot by Tyson Barrie.
6:01 of 1st period - Shot Misses the Net.
6:03 of 1st period - Slapshot by Stanislav Chistov.
6:03 of 1st period - Shot Misses the Net.
6:05 of 1st period - Slapshot by Andrej Sustr.
6:05 of 1st period - Stopped by Ilya Bryzgalov with a rebound.
6:07 of 1st period - Snap shot by Jesse Joensuu.
6:07 of 1st period - Shot Blocked by Josh Manson.
6:09 of 1st period - Slapshot by Tyson Barrie.
6:09 of 1st period - Deflect By Jesse Joensuu.
6:09 of 1st period - Shot Blocked by Will Butcher.
6:09 of 1st period - Puck is out of play.
6:10 of 1st period - Daultan Leveillé wins face-off versus Dana Tyrell in Monarchs zone.
6:15 of 1st period - Snap shot by Eric Fehr.
6:15 of 1st period - Deflect By Jesse Joensuu.
6:15 of 1st period - Stopped by Peter Delmas with a rebound.
6:19 of 1st period - Backhand shot by Daultan Leveillé.
6:19 of 1st period - Shot Blocked by Tyler Wotherspoon.
6:21 of 1st period - Slapshot by Joe Morrow.
6:21 of 1st period - Deflect By Daultan Leveillé.
6:21 of 1st period - Stopped by Peter Delmas without a rebound.
6:22 of 1st period - Evgeny Kuznetsov wins face-off versus Dana Tyrell in Little Stars zone.
6:41 of 1st period - Evgeny Kuznetsov is hit by Stanislav Chistov and loses puck.
6:52 of 1st period - Jonathan Huberdeau is hit by Cam Atkinson and loses puck.
6:57 of 1st period - Wrist shot by Brian Flynn.
6:57 of 1st period - Deflect By Cam Atkinson.
6:57 of 1st period - Shot Misses the Net.
6:57 of 1st period - Puck is out of play.
6:58 of 1st period - Daultan Leveillé wins face-off versus Cam Atkinson in Monarchs zone.
8:18 of 1st period - Minor Penalty to Adam Tambellini for Holding.
8:19 of 1st period - Cam Atkinson wins face-off versus Evgeny Kuznetsov in Little Stars zone.
8:29 of 1st period - Jordie Benn is hit by Connor Brown and loses puck.
9:29 of 1st period - Connor Brown is hit by Jordie Benn and loses puck.
10:11 of 1st period - Max Domi is hit by Andrej Sustr and loses puck.
10:18 of 1st period - Penalty to Adam Tambellini is over, Adam Tambellini is back on ice.
10:26 of 1st period - Slapshot by Joe Morrow.
10:26 of 1st period - Stopped by Peter Delmas with a rebound.
10:28 of 1st period - Wrist shot by Chris Thorburn.
10:28 of 1st period - Shot Misses the Net.
10:30 of 1st period - Slapshot by Nicklas Jensen.
10:30 of 1st period - Shot Hit the Post.
10:56 of 1st period - Wrist shot by Mathieu Perreault.
10:56 of 1st period - Stopped by Ilya Bryzgalov without a rebound.
10:57 of 1st period - Mathieu Perreault wins face-off versus Daultan Leveillé in Monarchs zone.
11:00 of 1st period - Snap shot by Mathieu Perreault.
11:00 of 1st period - Deflect By Alexander Vasyunov.
11:00 of 1st period - Shot Blocked by Jonathan Drouin.
11:00 of 1st period - Puck is out of play.
11:01 of 1st period - Brian Flynn wins face-off versus Daultan Leveillé in Monarchs zone.
11:04 of 1st period - Snap shot by Cam Atkinson.
11:04 of 1st period - Stopped by Ilya Bryzgalov without a rebound.
11:05 of 1st period - Brian Flynn wins face-off versus Evgeny Kuznetsov in Monarchs zone.
11:18 of 1st period - Slapshot by Curtis Glencross.
11:18 of 1st period - Stopped by Ilya Bryzgalov without a rebound.
11:19 of 1st period - Eric Fehr wins face-off versus Brian Flynn in Monarchs zone.
11:34 of 1st period - Snap shot by Eric Fehr.
11:34 of 1st period - Stopped by Peter Delmas with a rebound.
11:56 of 1st period - Snap shot by Jesse Joensuu.
11:56 of 1st period - Stopped by Ilya Bryzgalov without a rebound.
11:57 of 1st period - Brian Flynn wins face-off versus Max Domi in Monarchs zone.
12:29 of 1st period - Snap shot by Jesse Joensuu.
12:29 of 1st period - Stopped by Ilya Bryzgalov with a rebound.
12:31 of 1st period - Snap shot by Stanislav Chistov.
12:31 of 1st period - Stopped by Ilya Bryzgalov with a rebound.
12:45 of 1st period - Slapshot by Tyson Barrie.
12:45 of 1st period - Stopped by Ilya Bryzgalov without a rebound.
12:46 of 1st period - Daultan Leveillé wins face-off versus Bo Horvat in Monarchs zone.
12:59 of 1st period - Wrist shot by Eric Fehr.
12:59 of 1st period - Shot Misses the Net.
13:01 of 1st period - Wrist shot by Daultan Leveillé.
13:01 of 1st period - Shot Blocked by Scott Kosmachuck.
13:11 of 1st period - Tyson Barrie is hit by Josh Manson and loses puck.
14:16 of 1st period - Backhand shot by Eric Fehr.
14:16 of 1st period - Shot Misses the Net.
14:18 of 1st period - Backhand shot by Nathan Paetsch.
14:18 of 1st period - Stopped by Peter Delmas with a rebound.
14:20 of 1st period - Snap shot by Nathan Paetsch.
14:20 of 1st period - Stopped by Peter Delmas without a rebound.
14:21 of 1st period - Mathieu Perreault wins face-off versus Evgeny Kuznetsov in Little Stars zone.
14:21 of 1st period - Mathieu Perreault is hit by Max Domi.
14:27 of 1st period - Tyson Barrie is hit by Nathan Paetsch and loses puck.
15:16 of 1st period - Wrist shot by Jesse Joensuu.
15:16 of 1st period - Shot Misses the Net.
15:36 of 1st period - Snap shot by Bo Horvat.
15:36 of 1st period - Stopped by Ilya Bryzgalov with a rebound.
15:46 of 1st period - Chris Thorburn is hit by Brian Flynn and loses puck.
15:51 of 1st period - Wrist shot by Brian Flynn.
15:51 of 1st period - Shot Misses the Net.
15:53 of 1st period - Slapshot by Curtis Glencross.
15:53 of 1st period - Stopped by Ilya Bryzgalov without a rebound.
15:54 of 1st period - Brian Flynn wins face-off versus Evgeny Kuznetsov in Monarchs zone.
16:03 of 1st period - Snap shot by Brian Flynn.
16:03 of 1st period - Stopped by Ilya Bryzgalov with a rebound.
16:05 of 1st period - Slapshot by Tucker Poolman.
16:05 of 1st period - Stopped by Ilya Bryzgalov with a rebound.
16:19 of 1st period - Stanislav Chistov is hit by Damon Severson.
16:27 of 1st period - Snap shot by Eric Fehr.
16:27 of 1st period - Shot Blocked by Stanislav Chistov.
16:29 of 1st period - Slapshot by Josh Manson.
16:29 of 1st period - Shot Blocked by Jesse Joensuu.
16:31 of 1st period - Backhand shot by Daultan Leveillé.
16:31 of 1st period - Stopped by Peter Delmas with a rebound.
16:49 of 1st period - Tucker Poolman is hit by Jonathan Huberdeau and loses puck.
17:20 of 1st period - Tyson Barrie is hit by Evgeny Kuznetsov and loses puck.
17:25 of 1st period - Snap shot by Max Domi.
17:25 of 1st period - Shot Misses the Net.
17:42 of 1st period - Icing by Jonathan Drouin.
17:43 of 1st period - Stanislav Chistov wins face-off versus Daultan Leveillé in Monarchs zone.
17:54 of 1st period - Jordie Benn is hit by Daultan Leveillé and loses puck.
18:19 of 1st period - Snap shot by Ryan White.
18:19 of 1st period - Stopped by Peter Delmas without a rebound.
18:20 of 1st period - Evgeny Kuznetsov wins face-off versus Mathieu Perreault in Little Stars zone.
18:57 of 1st period - Snap shot by Stanislav Chistov.
18:57 of 1st period - Stopped by Ilya Bryzgalov without a rebound.
18:58 of 1st period - Daultan Leveillé wins face-off versus Brian Flynn in Monarchs zone.
19:05 of 1st period - Slapshot by Daultan Leveillé.
19:05 of 1st period - Stopped by Peter Delmas with a rebound.
19:07 of 1st period - Slapshot by Eric Fehr.
19:07 of 1st period - Goal by Eric Fehr - Monarchs : 1 - Little Stars : 0.
19:08 of 1st period - Brian Flynn wins face-off versus Daultan Leveillé in neutral zone.
19:33 of 1st period - JT Compher is hit by Andrej Sustr and loses puck.
Goals for this period are 1 for Monarchs vs 0 for Little Stars.
Shots for this period are 19 for Monarchs vs 15 for Little Stars.
2nd period
0:01 of 2nd period - Daultan Leveillé wins face-off versus Brian Flynn in neutral zone.
0:08 of 2nd period - Daultan Leveillé is hit by Cam Atkinson and loses puck.
0:55 of 2nd period - Ryan White is hit by Zach Budish and loses puck.
1:37 of 2nd period - Slapshot by Brian Flynn.
1:37 of 2nd period - Stopped by Ilya Bryzgalov without a rebound.
1:38 of 2nd period - Dana Tyrell wins face-off versus Evgeny Kuznetsov in Monarchs zone.
2:05 of 2nd period - Cam Atkinson is hit by Eric Fehr and loses puck.
2:44 of 2nd period - Bo Horvat is hit by Nicklas Jensen and loses puck.
2:55 of 2nd period - Snap shot by Chris Thorburn.
2:55 of 2nd period - Shot Blocked by Tyler Wotherspoon.
3:10 of 2nd period - Damon Severson is hit by Dana Tyrell.
3:50 of 2nd period - Snap shot by Ryan White.
3:50 of 2nd period - Shot Misses the Net.
3:52 of 2nd period - Snap shot by JT Compher.
3:52 of 2nd period - Shot Misses the Net.
3:54 of 2nd period - Snap shot by Ryan White.
3:54 of 2nd period - Stopped by Peter Delmas with a rebound.
3:56 of 2nd period - Slapshot by Mike Reilly.
3:56 of 2nd period - Stopped by Peter Delmas with a rebound.
4:55 of 2nd period - Slapshot by Adam Tambellini.
4:55 of 2nd period - Stopped by Ilya Bryzgalov with a rebound.
5:25 of 2nd period - Icing by Andrej Sustr.
5:26 of 2nd period - Brian Flynn wins face-off versus Frederik Gauthier in Little Stars zone.
5:41 of 2nd period - Nicklas Jensen is hit by Curtis Glencross and loses puck.
6:29 of 2nd period - Slapshot by Jordie Benn.
6:29 of 2nd period - Stopped by Ilya Bryzgalov without a rebound.
6:30 of 2nd period - Brian Flynn wins face-off versus Connor Brown in Monarchs zone.
7:18 of 2nd period - Alexander Vasyunov is hit by Robert Hagg and loses puck.
8:04 of 2nd period - Off-side.
8:05 of 2nd period - Dana Tyrell wins face-off versus Evgeny Kuznetsov in neutral zone.
8:24 of 2nd period - Evgeny Kuznetsov is hit by Jesse Joensuu and loses puck.
8:40 of 2nd period - Slapshot by Connor Brown.
8:40 of 2nd period - Stopped by Peter Delmas with a rebound.
8:49 of 2nd period - Minor Penalty to Reece Willcox for Hooking.
8:50 of 2nd period - Jonathan Drouin wins face-off versus Cam Atkinson in Little Stars zone.
9:52 of 2nd period - Tyler Wotherspoon is hit by Connor Brown and loses puck.
10:33 of 2nd period - Icing by JT Compher.
10:34 of 2nd period - Alexander Vasyunov wins face-off versus Jonathan Drouin in Monarchs zone.
10:49 of 2nd period - Penalty to Reece Willcox is over, Reece Willcox is back on ice.
11:11 of 2nd period - Wrist shot by Jordie Benn.
11:11 of 2nd period - Deflect By Scott Kosmachuck.
11:11 of 2nd period - Stopped by Ilya Bryzgalov with a rebound.
11:13 of 2nd period - Snap shot by Scott Kosmachuck.
11:13 of 2nd period - Little Stars goal is going for a video replay.
11:13 of 2nd period - The goal is refused. The puck has been kicked using a distinct kicking motion..
11:14 of 2nd period - Bo Horvat wins face-off versus Frederik Gauthier in Monarchs zone.
11:31 of 2nd period - Tyler Wotherspoon is hit by Chris Thorburn and loses puck.
12:11 of 2nd period - Wrist shot by Curtis Glencross.
12:11 of 2nd period - Shot Blocked by Daultan Leveillé.
12:17 of 2nd period - Minor Penalty to Zac Leslie for Roughing.
12:18 of 2nd period - Daultan Leveillé wins face-off versus Brian Flynn in Monarchs zone.
12:45 of 2nd period - Nathan Paetsch is hit by Jesse Joensuu and loses puck.
12:50 of 2nd period - Snap shot by Stanislav Chistov.
12:50 of 2nd period - Stopped by Ilya Bryzgalov without a rebound.
12:51 of 2nd period - Dana Tyrell wins face-off versus Daultan Leveillé in Monarchs zone.
13:16 of 2nd period - Curtis Glencross is hit by Damon Severson.
14:17 of 2nd period - Penalty to Zac Leslie is over, Zac Leslie is back on ice.
15:37 of 2nd period - Reece Willcox is hit by Damon Severson and loses puck.
15:56 of 2nd period - Snap shot by Jesse Joensuu.
15:56 of 2nd period - Stopped by Ilya Bryzgalov with a rebound.
15:58 of 2nd period - Snap shot by Bo Horvat.
15:58 of 2nd period - Shot Misses the Net.
16:08 of 2nd period - Wrist shot by Jonathan Drouin.
16:08 of 2nd period - Shot Misses the Net.
17:10 of 2nd period - Icing by Mathieu Perreault.
17:11 of 2nd period - Daultan Leveillé wins face-off versus Mathieu Perreault in Little Stars zone.
17:34 of 2nd period - Snap shot by Andrej Sustr.
17:34 of 2nd period - Shot Blocked by Damon Severson.
18:02 of 2nd period - Snap shot by Ryan White.
18:02 of 2nd period - Goal by Ryan White - Monarchs : 2 - Little Stars : 0.
18:03 of 2nd period - Brian Flynn wins face-off versus Daultan Leveillé in neutral zone.
18:06 of 2nd period - Eric Fehr is hit by Brian Flynn and loses puck.
18:21 of 2nd period - Jonathan Drouin is hit by Cam Atkinson and loses puck.
18:53 of 2nd period - Off-side.
18:54 of 2nd period - Connor Brown wins face-off versus Mathieu Perreault in neutral zone.
19:20 of 2nd period - Alexander Vasyunov is hit by Ryan White and loses puck.
19:27 of 2nd period - Snap shot by Ryan White.
19:27 of 2nd period - Stopped by Peter Delmas with a rebound.
19:33 of 2nd period - Wrist shot by Zach Budish.
19:33 of 2nd period - Deflect By Mathieu Perreault.
19:33 of 2nd period - Shot Blocked by Mike Reilly.
19:33 of 2nd period - Puck is out of play.
19:34 of 2nd period - Brian Flynn wins face-off versus Daultan Leveillé in Monarchs zone.
Goals for this period are 1 for Monarchs vs 0 for Little Stars.
Shots for this period are 5 for Monarchs vs 7 for Little Stars.
3rd period
0:01 of 3rd period - Brian Flynn wins face-off versus Evgeny Kuznetsov in neutral zone.
0:11 of 3rd period - Wrist shot by Cam Atkinson.
0:11 of 3rd period - Shot Blocked by Will Butcher.
0:25 of 3rd period - Jesse Joensuu is hit by Jonathan Huberdeau and loses puck.
0:36 of 3rd period - Slapshot by Jordie Benn.
0:36 of 3rd period - Deflect By Stanislav Chistov.
0:36 of 3rd period - Stopped by Ilya Bryzgalov with a rebound.
0:38 of 3rd period - Slapshot by Tyler Wotherspoon.
0:38 of 3rd period - Stopped by Ilya Bryzgalov with a rebound.
0:54 of 3rd period - Wrist shot by Eric Fehr.
0:54 of 3rd period - Deflect By Jonathan Drouin.
0:54 of 3rd period - Stopped by Peter Delmas without a rebound.
0:55 of 3rd period - Brian Flynn wins face-off versus Daultan Leveillé in Little Stars zone.
1:08 of 3rd period - Wrist shot by Cam Atkinson.
1:08 of 3rd period - Shot Misses the Net.
1:10 of 3rd period - Backhand shot by Andrej Sustr.
1:10 of 3rd period - Shot Blocked by Damon Severson.
1:33 of 3rd period - Snap shot by Max Domi.
1:33 of 3rd period - Deflect By Connor Brown.
1:33 of 3rd period - Shot Misses the Net.
1:33 of 3rd period - Puck is out of play.
1:34 of 3rd period - Brian Flynn wins face-off versus Ryan White in Little Stars zone.
1:34 of 3rd period - Brian Flynn is hit by Ryan White.
2:25 of 3rd period - Snap shot by Eric Fehr.
2:25 of 3rd period - Stopped by Peter Delmas without a rebound.
2:26 of 3rd period - Mathieu Perreault wins face-off versus Daultan Leveillé in Little Stars zone.
2:26 of 3rd period - Mathieu Perreault is hit by Eric Fehr.
2:53 of 3rd period - Off-side.
2:54 of 3rd period - Brian Flynn wins face-off versus Ryan White in neutral zone.
4:01 of 3rd period - Wrist shot by Scott Kosmachuck.
4:01 of 3rd period - Shot Misses the Net.
4:17 of 3rd period - Ryan White is hit by Curtis Glencross.
4:28 of 3rd period - Icing by Reece Willcox.
4:29 of 3rd period - Evgeny Kuznetsov wins face-off versus Brian Flynn in Little Stars zone.
4:30 of 3rd period - Snap shot by Connor Brown.
4:30 of 3rd period - Shot Misses the Net.
4:32 of 3rd period - Slapshot by Mike Reilly.
4:32 of 3rd period - Stopped by Peter Delmas without a rebound.
4:33 of 3rd period - Brian Flynn wins face-off versus Evgeny Kuznetsov in Little Stars zone.
4:33 of 3rd period - Brian Flynn is hit by Evgeny Kuznetsov.
4:43 of 3rd period - Snap shot by Brian Flynn.
4:43 of 3rd period - Deflect By Cam Atkinson.
4:43 of 3rd period - Shot Blocked by Evgeny Kuznetsov.
4:43 of 3rd period - Puck is out of play.
4:44 of 3rd period - Brian Flynn wins face-off versus Daultan Leveillé in Monarchs zone.
4:47 of 3rd period - Snap shot by Brian Flynn.
4:47 of 3rd period - Stopped by Ilya Bryzgalov with a rebound.
4:53 of 3rd period - Snap shot by Brian Flynn.
4:53 of 3rd period - Deflect By Cam Atkinson.
4:53 of 3rd period - Shot Blocked by Nathan Paetsch.
4:53 of 3rd period - Puck is out of play.
4:54 of 3rd period - Daultan Leveillé wins face-off versus Brian Flynn in Monarchs zone.
4:54 of 3rd period - Daultan Leveillé is hit by Cam Atkinson.
5:24 of 3rd period - Slapshot by Brian Flynn.
5:24 of 3rd period - Deflect By Curtis Glencross.
5:24 of 3rd period - Stopped by Ilya Bryzgalov with a rebound.
5:26 of 3rd period - Snap shot by Brian Flynn.
5:26 of 3rd period - Stopped by Ilya Bryzgalov without a rebound.
5:27 of 3rd period - Evgeny Kuznetsov wins face-off versus Jesse Joensuu in Monarchs zone.
5:29 of 3rd period - Minor Penalty to Josh Manson for Hooking.
5:30 of 3rd period - Brian Flynn wins face-off versus Daultan Leveillé in Monarchs zone.
5:32 of 3rd period - Snap shot by Cam Atkinson.
5:32 of 3rd period - Deflect By Curtis Glencross.
5:32 of 3rd period - Shot Hit the Post.
5:32 of 3rd period - Puck is out of play.
5:33 of 3rd period - Brian Flynn wins face-off versus Daultan Leveillé in Monarchs zone.
5:44 of 3rd period - Snap shot by Brian Flynn.
5:44 of 3rd period - Stopped by Ilya Bryzgalov with a rebound.
5:54 of 3rd period - Nathan Paetsch is hit by Curtis Glencross and loses puck.
6:18 of 3rd period - Slapshot by Brian Flynn.
6:18 of 3rd period - Stopped by Ilya Bryzgalov without a rebound.
6:19 of 3rd period - Dana Tyrell wins face-off versus Daultan Leveillé in Monarchs zone.
7:07 of 3rd period - Off-side.
7:08 of 3rd period - Brian Flynn wins face-off versus Ryan White in neutral zone.
7:29 of 3rd period - Penalty to Josh Manson is over, Josh Manson is back on ice.
9:32 of 3rd period - Slapshot by Tyson Barrie.
9:32 of 3rd period - Stopped by Ilya Bryzgalov with a rebound.
10:28 of 3rd period - Snap shot by Dana Tyrell.
10:28 of 3rd period - Shot Blocked by Josh Manson.
10:30 of 3rd period - Snap shot by Stanislav Chistov.
10:30 of 3rd period - Shot Misses the Net.
10:32 of 3rd period - Snap shot by Stanislav Chistov.
10:32 of 3rd period - Stopped by Ilya Bryzgalov without a rebound.
10:33 of 3rd period - Brian Flynn wins face-off versus Jonathan Drouin in Monarchs zone.
10:34 of 3rd period - Snap shot by Curtis Glencross.
10:34 of 3rd period - Stopped by Ilya Bryzgalov with a rebound.
11:17 of 3rd period - Max Domi is hit by Andrej Sustr and loses puck.
11:54 of 3rd period - Snap shot by Stanislav Chistov.
11:54 of 3rd period - Stopped by Ilya Bryzgalov without a rebound.
11:55 of 3rd period - Frederik Gauthier wins face-off versus Dana Tyrell in Monarchs zone.
12:06 of 3rd period - Snap shot by Chris Thorburn.
12:06 of 3rd period - Stopped by Peter Delmas without a rebound.
12:07 of 3rd period - Brian Flynn wins face-off versus Ryan White in Little Stars zone.
12:07 of 3rd period - Brian Flynn is hit by Mike Reilly.
13:01 of 3rd period - Tyson Barrie is hit by Evgeny Kuznetsov and loses puck.
13:22 of 3rd period - Snap shot by Brian Flynn.
13:22 of 3rd period - Shot Blocked by Evgeny Kuznetsov.
13:26 of 3rd period - Slapshot by Brian Flynn.
13:26 of 3rd period - Shot Misses the Net.
13:46 of 3rd period - Slapshot by Andrej Sustr.
13:46 of 3rd period - Shot Misses the Net.
14:27 of 3rd period - Snap shot by Brian Flynn.
14:27 of 3rd period - Shot Misses the Net.
14:29 of 3rd period - Wrist shot by Curtis Glencross.
14:29 of 3rd period - Shot Misses the Net.
14:31 of 3rd period - Slapshot by Andrej Sustr.
14:31 of 3rd period - Deflect By Cam Atkinson.
14:31 of 3rd period - Little Stars goal is going for a video replay.
14:31 of 3rd period - The goal is good.
14:31 of 3rd period - Goal by Cam Atkinson - Monarchs : 2 - Little Stars : 1.
14:32 of 3rd period - Dana Tyrell wins face-off versus Ryan White in neutral zone.
14:57 of 3rd period - Alexander Vasyunov is hit by Daultan Leveillé and loses puck.
15:20 of 3rd period - Snap shot by Adam Tambellini.
15:20 of 3rd period - Stopped by Ilya Bryzgalov without a rebound.
15:21 of 3rd period - Dana Tyrell wins face-off versus Chris Thorburn in Monarchs zone.
16:12 of 3rd period - Eric Fehr is hit by Stanislav Chistov and loses puck.
17:28 of 3rd period - Dana Tyrell is hit by Chris Thorburn.
18:25 of 3rd period - Wrist shot by Ryan White.
18:25 of 3rd period - Shot Blocked by Jordie Benn.
18:45 of 3rd period - Little Stars, Peter Delmas is pulled from the net.
19:10 of 3rd period - Snap shot by Daultan Leveillé.
19:10 of 3rd period - Goal by Daultan Leveillé - Monarchs : 3 - Little Stars : 1.
19:10 of 3rd period - Peter Delmas from Little Stars was sent back in the game.
19:11 of 3rd period - JT Compher wins face-off versus Mathieu Perreault in neutral zone.
19:14 of 3rd period - Slapshot by Damon Severson.
19:14 of 3rd period - Shot Blocked by Zach Budish.
19:16 of 3rd period - Minor Penalty to Jordie Benn for Roughing.
19:17 of 3rd period - Cam Atkinson wins face-off versus Evgeny Kuznetsov in Little Stars zone.
19:22 of 3rd period - Damon Severson is hit by Cam Atkinson and loses puck.
Goals for this period are 1 for Monarchs vs 1 for Little Stars.
Shots for this period are 5 for Monarchs vs 13 for Little Stars.
Back to the Top